 Dungeon Crawl Stone Soup version 0.28.0-49-g6dfe1f597d (webtiles) character file.

Game seed: 15326986567028087318

18 Atelerd the Digger (level 2, 0/17 HPs)
             Began as an Octopode Earth Elementalist on May 13, 2022.
             Slain by an adder (4 damage)
             ... on level 2 of the Dungeon.
             The game lasted 00:00:39 (1083 turns).

Atelerd the Digger (Octopode Earth Elementalist)    Turns: 1083, Time: 00:00:40

Health: 0/17       AC:  1    Str:  7    XL:     2   Next: 66%
Magic:  4/5        EV: 13    Int: 17    God:
Gold:   89         SH:  5    Dex: 12    Spells: 4/5 levels left

rFire   . . .      SeeInvis .   g - +1 dagger (elec)
rCold   . . .      Faith    .   (no shield)
rNeg    . . .      Spirit   .   (helmet restricted)
rPois   .          Reflect  +   c - amulet of reflection
rElec   .          Harm     .   (no ring)
rCorr   .          Rampage  .   (no ring)
Will    .....                   (no ring)
Stlth   +++.......              (no ring)
HPRegen 0.05/turn               (no ring)
MPRegen 0.09/turn               (no ring)
                                (no ring)
                                (no ring)

@: lethally poisoned (0 -> -4)
A: almost no armour, amphibious, 8 rings, camouflage 1, gelatinous body 1,
(nimble swimmer 1), tentacles
a: no special abilities


You were on level 2 of the Dungeon.
You visited 1 branch of the dungeon, and saw 2 of its levels.

You collected 89 gold pieces.

Inventory:

Hand Weapons
 e - a +0 short sword
 g - a +1 dagger of electrocution (weapon)
Missiles
 b - 23 stones
Jewellery
 c - an amulet of reflection (around mantle)
Scrolls
 i - a scroll of identify {unknown}
 j - a scroll of blinking {unknown}
 k - a scroll of enchant weapon {unknown}
Potions
 a - a potion of degeneration {unknown}
 d - a potion of berserk rage {unknown}
 f - a potion of might {unknown}
 h - a potion of brilliance {unknown}


   Skills:
 - Level 2.0 Dodging
 - Level 2.6 Stealth
 + Level 2.3 Spellcasting
 + Level 1.6 Transmutations
 + Level 3.3 Earth Magic


You had 4 spell levels left.
You knew the following spells:

 Your Spells              Type           Power      Damage    Failure   Level
a - Sandblast             Erth           26%        2d8       4%          1

Your spell library contained the following spells:

 Spells                   Type           Power      Damage    Failure   Level
 Passwall                 Tmut/Erth      8%         N/A       11%         2
 Stone Arrow              Conj/Erth      14%        3d7       28%         3
 Call Canine Familiar     Summ           1%         N/A       50%         3
 Portal Projectile        Hex/Tloc       2%         N/A       50%         3
 Petrify                  Tmut/Erth      10%        N/A       56%         4
 Leda's Liquefaction      Hex/Erth       3%         N/A       67%         4


Dungeon Overview and Level Annotations

Branches:
Dungeon (2/15)

Altars:


Innate Abilities, Weirdness & Mutations

You cannot wear most types of armour.
You are amphibious.
You can wear up to eight rings at the same time.
Your skin changes colour to match your surroundings (Stealth+).
Your rubbery body absorbs attacks. (AC +1, EV +1)
((You are camouflaged when in or above water. (Stealth+)))
You have tentacles for arms and can constrict up to eight enemies at once.


Message History

No target in view!
An adder and a ball python come into view.
The ball python hisses angrily.
The adder hisses angrily.
There are monsters nearby!
You closely miss the ball python. Your grab misses the ball python.
The ball python bites you. The ball python grabs you.
The ball python constricts you.
There are monsters nearby!
You hit the ball python. You grab the ball python.
The ball python is severely wounded.
You constrict the ball python.
You kill the ball python!
An adder is nearby!
You miss the adder. Your grab misses the adder. The adder closely misses you.
The adder misses you.
You barely miss the adder. Your grab misses the adder.
The adder closely misses you.
An adder is nearby!
You miss the adder. Your grab misses the adder. The adder bites you.
You hit the adder. Your grab misses the adder. Your squeeze misses the adder.
The adder is moderately wounded.
The adder bites you. x2
You are lethally poisoned!
The adder poisons you!
You are too injured to fight recklessly!
You are too injured to fight recklessly!
You are too injured to fight recklessly!
There is a lethal amount of poison in your body!
There is a lethal amount of poison in your body!
You are too injured to fight recklessly!
Casting: Sandblast (safe; 4% risk of failure)
Confirm with . or Enter, or press ? or * to list all spells.
Aiming: Sandblast (safe; 4% risk of failure)
Press: ? - help, Shift-Dir - straight line, f - adder
Aim: an adder (moderately wounded, 66% to hit)
The blast of sand hits the adder.
The adder is severely wounded.
* * * LOW HITPOINT WARNING * * *
You feel sick. The adder bites you.
You die...

###### ### #....#
######.!... #....#
#..@S.$.... #....#
###.##.......
#....#####...#
.......
##.#.....#.###
.......
#.###.....#
#...... #.#
#.##...# #.....
####.###.####.....
.#### .......#.#
#..## ##
.......#.# #.#


You could see an adder.

Vanquished Creatures
  2 ball pythons (D:2)
  A bat (D:1)
  An endoplasm (D:1)
  3 hobgoblins
  A quokka (D:1)
  3 frilled lizards
  4 kobolds
  2 rats
17 creatures vanquished.

Notes
Turn   | Place    | Note
-------+----------+-------------------------------------------
     0 | D:1      | Atelerd the Octopode Earth Elementalist began the quest for
                  | the Orb.
     0 | D:1      | Reached XP level 1. HP: 11/11 MP: 3/3
   368 | D:1      | Reached XP level 2. HP: 17/17 MP: 3/5
  1083 | D:2      | Slain by an adder

Illustrated notes

Levels and vault maps discovered:
D:1:      zelgadis_glass_arrival_small, layout_rooms, feat_on_display
D:2:      layout_rooms

Action                   || total
-------------------------++-------
Melee: Unarmed           ||     4
       Tentacles         ||     3
       Dagger            ||    22
       Constrict         ||     4
       Short sword       ||     1
 Cast: Sandblast         ||    11
 Stab: Sleeping          ||     3
Armor: Skin              ||     1
Dodge: Dodged            ||    15
Block: Other             ||     4
